 Dungeon Crawl Stone Soup version 0.31.0-11-ge490571c62 (webtiles) character file.

Game seed: 14023176637523727354

701186 Daunt the Petrodigitator (level 27, -1/123 (163) HPs)
             Began as a Gargoyle Summoner on Jan 28, 2024.
             Was an Initiate of Gozag.
             Killed from afar by a Brimstone Fiend (48 damage)
             ... with damnation
             ... on level 6 of Gehenna on Jan 30, 2024.
             The game lasted 13:18:42 (44788 turns).

Daunt the Petrodigitator (Gargoyle Summoner)       Turns: 44788, Time: 13:18:43

HP:   -1/123 (163)  AC: 40    Str:  6 (13) XL:     27
MP:   36/54         EV: 14    Int: 50      God:    Gozag
Gold: 9676          SH: 16    Dex: 15      Spells: 7/62 levels left

rFire   + + +        b - +9 dagger "Fyliuf" {speed, rPois rF++ rN+ Int+4}
rCold   + . .        M - +2 kite shield {AC+3}
rNeg    + + +        m - +2 leather armour {Will+}
rPois   ∞            (helmet restricted)
rElec   +            j - +1 cloak of Gehenna {rF+ Will+ Int+4}
rCorr   .            Z - +2 pair of gloves of Context {Int+3 Stlth+}
SInv    .            o - +0 pair of boots of the Lost Path {rElec rC+ Slay+3}
Will    +++++        R - amulet of regeneration
Stlth   +++++        n - ring "Haotou Suicw" {rN+ MP+9 Int+6}
HPRegen 1.20/turn    V - ring of Reoneish {Will+ Int+6 Dex+5}
MPRegen 0.34/turn

%: no passive effects
@: weakened, gold aura, flying, studying 2 skills, heavily drained, unable to
read
A: sickness immunity, AC +20, big wings, negative energy resistance 1,
electricity resistance, torment resistance 1, petrification resistance, antennae
1, iridescent scales 1, frail 1, weak 1, wild magic 1, persistent drain
}: 4/15 runes: serpentine, barnacled, slimy, silver
a: Renounce Religion, Potion Petition, Call Merchant, Bribe Branch


You were on level 6 of Gehenna.
You worshipped Gozag.
Gozag was greatly pleased with you.
You visited 15 branches of the dungeon, and saw 64 of its levels.
You visited 1 ziggurat, and saw 12 of its levels.
You also visited: Ossuary, Gauntlet, Volcano and Wizlab.

You collected 29458 gold pieces.
You spent 6456 gold pieces at shops.
You paid 13326 gold pieces to Gozag.

Inventory:

Hand Weapons
 b - the +9 dagger "Fyliuf" (weapon) {speed, rPois rF++ rN+ Int+4}
   (You bought it in a shop on level 6 of the Dungeon)

   Int+4:     It affects your intelligence (+4).
   rF++:      It greatly protects you from fire.
   rPois:     It protects you from poison rN+: It protects you from negative
   energy.
 c - a +9 trishula of holy wrath
Missiles
 y - 10 curare-tipped darts
 K - 10 throwing nets
Armour
 j - the +1 cloak of Gehenna (worn) {rF+ Will+ Int+4}
   (You found it in a Gauntlet)

   Int+4:     It affects your intelligence (+4).
   rF+:       It protects you from fire.
   Will+:     It increases your willpower.
 m - a +2 leather armour of willpower (worn)
 o - the +0 pair of boots of the Lost Path (worn) {rElec rC+ Slay+3}
   (You found it on level 14 of the Dungeon)

   Slay+3:    It affects your accuracy & damage with ranged weapons and melee
   (+3).
   rC+:       It protects you from cold.
   rElec:     It insulates you from electricity.
 M - a +2 kite shield of protection (worn)
 Z - the +2 pair of gloves of Context (worn) {Int+3 Stlth+}
   (You bought it in a shop in the Vestibule of Hell)

   Int+3:     It affects your intelligence (+3).
   Stlth+:    It makes you more stealthy.
Magical Staves
 a - the staff "Tasuipaq" {rC+ Dex+3 Hexes Earth}
   (You found it on level 11 of a ziggurat)

   [staff of earth]

   Base accuracy: +5 Base damage: 5 Base attack delay: 1.2 This weapon's minimum
   attack delay (0.6) is reached at skill level 12.
   Dex+3:     It affects your dexterity (+3).
   rC+:       It protects you from cold.
   Hexes:     It increases the power of your Hexes spells.
   Earth:     It increases the power of your Earth spells.
   It falls into the 'Staves' category.
   It is a one-handed weapon.
Jewellery
 n - the ring "Haotou Suicw" (left hand) {rN+ MP+9 Int+6}
   (You found it on level 3 of the Elven Halls)

   [ring of magical power]

   Int+6:     It affects your intelligence (+6).
   rN+:       It protects you from negative energy.
   MP+9:      It affects your magic capacity (+9).
 C - the ring "Cahot" {+Blink rElec rC+ rCorr Stlth-}
   (You found it on level 12 of a ziggurat)

   [ring of protection from cold]

   rC+:       It protects you from cold.
   rElec:     It insulates you from electricity.
   +Blink:    It lets you blink.
   rCorr:     It protects you from acid and corrosion.
   Stlth-:    It makes you less stealthy.
 I - the ring of Rureosch {rF+ Will+ SInv}
   (You acquired it on level 3 of the Elven Halls)

   [ring of protection from fire]

   rF+:       It protects you from fire.
   Will+:     It increases your willpower.
   SInv:      It lets you see invisible.
 R - an amulet of regeneration (around neck)
 V - the ring of Reoneish (right hand) {Will+ Int+6 Dex+5}
   (You bought it in a shop on level 6 of the Dungeon)

   [ring of intelligence]

   Int+6:     It affects your intelligence (+6).
   Dex+5:     It affects your dexterity (+5).
   Will+:     It increases your willpower.
Wands
 v - a wand of quicksilver (34)
 A - a wand of digging (14)
 B - a wand of roots (29)
 J - a wand of polymorph (18)
 P - a wand of paralysis (35)
 S - a wand of mindburst (8)
Scrolls
 e - 10 scrolls of immolation
 g - 9 scrolls of fog
 p - 5 scrolls of blinking
 r - 2 scrolls of fear
 s - 3 scrolls of amnesia
 u - 6 scrolls of teleportation
 H - 3 scrolls of enchant armour
 Q - 3 scrolls of silence
 T - 6 scrolls of summoning
 W - 5 scrolls of vulnerability
Potions
 d - 5 potions of ambrosia
 h - 3 potions of magic
 l - 20 potions of curing
 q - 2 potions of invisibility
 t - 6 potions of lignification
 z - 2 potions of resistance
 E - 5 potions of enlightenment
 F - 3 potions of heal wounds
 L - 4 potions of brilliance
 N - 5 potions of mutation
 U - 3 potions of haste
Miscellaneous
 f - a sack of spiders
 k - a lightning rod (4/4)
 w - a phantom mirror
 O - the horn of Geryon
 X - a condenser vane


   Skills:
 - Level 21.2 Fighting
 - Level 7.0 Polearms
 - Level 14.2 Armour
 - Level 9.4 Dodging
 - Level 10.0 Stealth
 - Level 16.0 Shields
 + Level 18.3 Spellcasting
 + Level 16.5 Conjurations
 - Level 16.0 Summonings
 - Level 13.0 Translocations
 - Level 5.0 Fire Magic
 - Level 4.0 Air Magic
 O Level 27 Earth Magic
 - Level 9.0 Evocations


You had 7 spell levels left.
You knew the following spells:

 Your Spells              Type           Power      Damage    Failure   Level
b - Blink                 Tloc           100%       N/A       1%          2
c - Call Canine Familiar  Summ           100%       N/A       1%          3
d - Dispersal             Tloc           61%        N/A       2%          6
f - Summon Forest         Summ/Tloc      64%        N/A       1%          5
g - Passage of Golubria   Tloc           100%       N/A       1%          4
h - Shatter               Erth           80%        3d58*     3%          9
l - Lehudib's Crystal Sp  Conj/Erth      74%        10d17     2%          8
m - Malign Gateway        Summ/Tloc      64%        N/A       5%          7
s - Spellforged Servitor  Conj/Summ      67%        N/A       2%          7
u - Summon Blazeheart Go  Fire/Summ      100%       N/A       1%          4

Your spell library contained the following spells:

 Spells                   Type           Power      Damage    Failure   Level
 Apportation              Tloc           100%       N/A       1%          1
 Foxfire                  Conj/Fire      100%       2x1d9     1%          1
 Magic Dart               Conj           100%       1d8       1%          1
 Shock                    Conj/Air       100%       1d9       1%          1
 Sting                    Conj/Alch      100%       1d9       1%          1
 Summon Small Mammal      Summ           100%       N/A       1%          1
 Call Imp                 Summ           100%       N/A       1%          2
 Mercury Vapours          Alch/Air       100%       N/A       1%          2
 Momentum Strike          Conj/Tloc      100%       3d10      1%          2
 Gell's Gravitas          Tloc           100%       N/A       1%          3
 Hailstorm                Conj/Ice       100%       3d16      1%          3
 Mephitic Cloud           Conj/Alch/Air  99%        N/A       1%          3
 Summon Ice Beast         Ice/Summ       100%       N/A       1%          3
 Swiftness                Air            84%        N/A       1%          3
 Teleport Other           Tloc           100%       N/A       1%          3
 Volatile Blastmotes      Fire/Tloc      100%       2d18      1%          3
 Animate Armour           Summ/Erth      100%       N/A       1%          4
 Brom's Barrelling Bould  Conj/Erth      100%       2d11      1%          4
 Dimensional Bullseye     Hex/Tloc       48%        N/A       1%          4
 Fulminant Prism          Conj/Alch      53%        3d23      1%          4
 Iskenderun's Mystic Bla  Conj/Tloc      100%       2d19      1%          4
 Leda's Liquefaction      Alch/Erth      62%        N/A       1%          4
 Manifold Assault         Tloc           100%       N/A       1%          4
 Martyr's Knell           Necr/Summ      100%       N/A       1%          4
 Petrify                  Alch/Erth      100%       N/A       1%          4
 Summon Lightning Spire   Summ/Air       100%       N/A       1%          4
 Vhi's Electric Charge    Tloc/Air       100%       N/A       1%          4
 Arcjolt                  Conj/Air       57%        1d67      1%          5
 Borgnjor's Vile Clutch   Necr/Erth      62%        N/A       1%          5
 Lee's Rapid Deconstruct  Erth           80%        3d36*     1%          5
 Bombard                  Conj/Erth      74%        9d12      1%          6
 Summon Cactus Giant      Summ           66%        N/A       1%          6
 Freeze                   Ice            100%       1d10      2%          1
 Necrotise                Necr           100%       1d9       2%          1
 Slow                     Hex            100%       N/A       2%          1
 Inner Flame              Hex/Fire       75%        N/A       2%          3
 Irradiate                Conj/Alch      53%        3d29      2%          5
 Summon Mana Viper        Hex/Summ       100%       N/A       2%          5
 Orb of Destruction       Conj           67%        9d16      2%          7
 Ensorcelled Hibernation  Hex/Ice        100%       N/A       3%          2
 Jinxbite                 Hex            100%       N/A       3%          2
 Summon Hydra             Summ           66%        N/A       3%          7
 Airstrike                Air            42%        2d(6-22)  4%          4
 Freezing Cloud           Conj/Ice/Air   49%        6-21      4%          5
 Starburst                Conj/Fire      58%        6d15      4%          6
 Conjure Ball Lightning   Conj/Air       57%        3x3d21    5%          6
 Confusing Touch          Hex            56%        N/A       7%          3
 Frozen Ramparts          Ice            100%       1d16      7%          3
 Fugue of the Fallen      Necr           56%        N/A       7%          3
 Ozocubu's Armour         Ice            56%        N/A       7%          3
 Sigil of Binding         Hex            56%        N/A       7%          3
 Tukima's Dance           Hex            56%        N/A       7%          3
 Vampiric Draining        Necr           56%        2d10      7%          3
 Anguish                  Hex/Necr       28%        N/A       19%         4
 Cause Fear               Hex            28%        N/A       19%         4
 Dispel Undead            Necr           56%        3d20      19%         4
 Olgreb's Toxic Radiance  Alch           56%        N/A       19%         4
 Silence                  Hex/Air        36%        N/A       22%         5
 Plasma Beam              Fire/Air       43%        2x1d57    41%         6
 Alistair's Intoxication  Alch           37%        N/A       45%         5
 Curse of Agony           Necr           56%        N/A       45%         5
 Yara's Violent Unravell  Hex/Alch       28%        3d12      45%         5
 Haunt                    Necr/Summ      52%        N/A       47%         7
 Death Channel            Necr           28%        N/A       94%         6
 Eringya's Noxious Bog    Alch           28%        4d6       94%         6
 Sculpt Simulacrum        Ice/Alch       28%        N/A       94%         6
 Enfeeble                 Hex            28%        N/A       100%        7
 Ozocubu's Refrigeration  Ice            28%        4d13      100%        7
 Summon Horrible Things   Summ           66%        N/A       17%         8
 Disjunction              Tloc           61%        N/A       47%         8
 Borgnjor's Revivificati  Necr           28%        N/A       100%        8
 Discord                  Hex            28%        N/A       100%        8
 Ignition                 Fire           45%        3d13      100%        8
 Maxwell's Capacitive Co  Air            42%        ∞         100%        8
 Chain Lightning          Conj/Air       57%        3d76      100%        9
 Death's Door             Necr           28%        N/A       100%        9
 Fire Storm               Conj/Fire      58%        8d15      100%        9
 Polar Vortex             Ice            28%        12d3*     100%        9
 Cigotuvi's Dreadful Rot  Necr/Alch/Air  Unusable   N/A       N/A         2
 Sublimation of Blood     Necr           Unusable   N/A       N/A         2
 Animate Dead             Necr           Unusable   N/A       N/A         4

Dungeon Overview and Level Annotations

Branches:
Dungeon (15/15)            Temple (1/1) D:5            Lair (5/5) D:10
 Shoals (4/4) Lair:2        Snake (4/4) Lair:2        Slime (5/5) Lair:4
    Orc (2/2) D:10            Elf (3/3) Orc:2        Vaults (5/5) D:14
  Crypt (3/3) Vaults:2       Tomb (1/3) Crypt:3      Depths (4/4) D:15
   Hell (visited)             Dis (0/7) Hell            Geh (6/7) Hell
    Coc (0/7) Hell            Zot (5/5) Depths:4    Ossuary (visited)
Volcano (visited)          WizLab (visited)         Gauntlet (visited)
    Tar: Hell:1

Altars:
Ashenzari
Cheibriados
Dithmenos
Elyvilon
Fedhas
Gozag
Hepliaklqana
Kikubaaqudgha
Makhleb
Nemelex Xobeh
Okawaru
Qazlal
Ru
Sif Muna
Trog
Uskayaw
Vehumet
Wu Jian
Xom
Yredelemnul
Zin
The Shining One
Lugonu

Shops:
D:6 !=(*   D:9 =   Orc:2 :?*(*   Elf:1 (   Elf:3 [[*   Shoals:2 *   Vaults:2 [[
Vaults:3 [   Hell *

Portals:
Hell: Depths:1 Depths:3 Depths:4
Abyss: Depths:3
Pandemonium: Orc:2 Depths:1

Annotations:
Lair:5 exclusion: obsidian statue
Shoals:1 3 transporters
Depths:3 3 runed translucent doors
Depths:4 3 transporters
Zot:2 2 transporters
Zot:3 Tiamat


Innate Abilities, Weirdness & Mutations

You are immune to sickness and miasma.
Your stone body is resilient. (AC +20)
You are immune to poison.
Your large and strong wings let you fly.
You resist negative energy. (rN+)
You are resistant to electric shocks. (rElec)
You are resistant to unholy torment.
You are immune to petrification.
You have a pair of small antennae on your head.
You are partially covered in iridescent scales. (AC +2)
You are frail. (-10% HP)
You are weak. (Str -2)
Your spells are a little harder to cast, but a little more powerful.
Your health recovers twice as slowly from being drained.


Message History

The hell beast is severely wounded.
You kill the hellion!
The eldritch tentacle is moderately damaged.
You destroy the stoker!
You kill the salamander tyrant!
The Brimstone Fiend is moderately wounded.
The fire giant is heavily wounded.
The searing wretch is heavily damaged.
The balrug is heavily wounded.
You kill the hellion!
Ka-crash!
You hear an angry squeal.
The hell beast bites you but does no damage.
You block the hell beast's attack.
A fire giant comes into view.
It is wielding a +2 great sword of flaming.
The fire giant is distracted by your dazzling golden aura.
You block the hell beast's attack.
The hell beast tramples you but does no damage.
A creeping inferno comes into view.
You feel your strength returning.
Unknown command.
Unknown command.
Unknown command.
Casting: Shatter (dangerous; 3% risk of failure)
Confirm with . or Enter, or press ? or * to list all spells.
The dungeon rumbles!
You kill the hell beast!
The eldritch tentacle is heavily damaged.
The eldritch tentacle segment is heavily damaged.
The searing wretch is almost destroyed.
You kill the fire giant!
The balrug is severely wounded.
You kill the fire giant!
The hellephant is heavily wounded.
Ka-crash!
The eldritch tentacle slaps you but does no damage.
The eldritch tentacle claws you!
You are engulfed in flames.
You resist.
The balrug is distracted by your dazzling golden aura.
The searing wretch is distracted by your dazzling golden aura.
The Brimstone Fiend gestures at you.
The sphere of damnation explodes!
The damnation engulfs you!!!
You die...
Your body crumbles into a pile of gold.

......$*.......
$.$$....$..$$...
#§2§$.$..≈≈§...
≈#.$.≈$..≈.$n..
.....≈$*.≈...#
≈...$≈│..≈$..#
#.#...w$..$##
.......@.≈≈.##≈.
.#..#.$..≈.....+
.1....≈.......
Y......≈..#.....
......≈§... #...
.≈≈≈≈≈.§.... ..
.....§#..#...
#...#..#.....#
###### #


You could see a hellephant, a searing wretch (unaware), an eldritch tentacle, a
Brimstone Fiend, a balrug (unaware) and a creeping inferno.

Vanquished Creatures
  the Royal Jelly (Slime:5)
  Mara (Shoals:3)
  2 juggernauts (Zig:11)
  A royal mummy (Zig:10)
  3 curse toes
  2 golden dragons (Depths:4)
  A bone dragon (Crypt:3)
  Norris (Vaults:2)
  2 doom hounds (Geh:6)
  A hellephant (Geh:6)
  A Brimstone Fiend (Geh:5)
  An iron giant (Zig:11)
  A lich (Vaults:3)
  A Hell Sentinel (Zig:12)
  4 tentacled monstrosities
  4 sphinxes
  8 searing wretches
  3 titans (Zig:11)
  3 quicksilver dragons
  A deep elf master archer (Elf:3)
  An acid blob (Slime:5)
  2 death cobs
  3 Executioners (Zig:12)
  A tengu reaver (Vaults:2)
  3 eldritch tentacles
  A revenant (Hell)
  A demonspawn warmonger (Zig:12)
  A fenstrider witch (Zig:5)
  5 fire giants
  2 nagarajas
  An emperor scorpion (Zig:4)
  2 draconian monks
  6 azure jellies (Slime:5)
  2 frost giants
  2 deep elf sorcerers
  A vault warden (Vaults:4)
  A deep elf elementalist (Elf:3)
  A draconian shifter (Zot:2)
  2 balrugs
  3 draconian scorchers
  A cacodemon (Zig:12)
  An angel (Shoals:4)
  3 ironbound preservers
  A draconian annihilator (Zot:3)
  3 reapers
  2 quicksilver oozes (Slime:5)
  2 draconian stormcallers (Zot:3)
  A broodmother (Zig:8)
  7 very ugly things
  4 stone giants
  2 deep elf death magi
  3 white draconians
  An eleionoma (Zig:5)
  3 vampire knights
  2 apis (Shoals:3)
  2 green draconians
  2 bennus (Zig:10)
  2 dire elephants (Lair:5)
  A lorocyproca (Hell)
  A black draconian (Zot:1)
  2 war gargoyles
  4 deep elf demonologists
  A purple draconian (Depths:4)
  2 red draconians
  A minotaur (Gauntlet)
  A bunyip (Zig:5)
  The ghost of FoolsGold the Severer, a journeyman HOFi of Beogh (D:10)
  A deep elf annihilator (Elf:2)
  3 spark wasps
  6 merfolk impalers
  A blizzard demon (Hell)
  4 green deaths
  8 ettins
  3 mummy priests (Zig:10)
  A jiangshi (Crypt:3)
  5 merfolk javelineers
  A deep elf high priest (Vaults:5)
  A fire dragon (Depths:2)
  A great orb of eyes (Vaults:3)
  An ogre mage (D:13)
  3 entropy weavers
  4 ice dragons
  A spriggan air mage (Depths:2)
  5 salamander tyrants
  6 hell beasts
  A vault guard (Vaults:5)
  8 hydras
  2 rakshasas
  3 merfolk avatars
  An ironbound frostheart (Vaults:2)
  4 anacondas
  2 death knights (D:13)
  A jorogumo (Zig:8)
  An alligator snapping turtle (Shoals:1)
  2 radroaches
  5 two-headed ogres
  11 centaur warriors
  A boulder beetle (Lair:4)
  5 dancing weapons
  A stoker (Geh:6)
  4 deep troll shamans
  A satyr (Shoals:2)
  A demonspawn (Orc:2)
  A death scarab (Gauntlet)
  3 deep troll earth magi
  5 merfolk aquamancers
  2 naga warriors (Snake:1)
  15 hell hogs
  6 death yaks (Lair:5)
  2 occultists
  A vampire mage (Crypt:2)
  2 demonic crawlers
  3 naga sharpshooters (Zig:7)
  5 orc high priests (Orc:2)
  2 tengu warriors
  4 soul eaters
  2 shock serpents (Snake:4)
  Urug (D:11)
  A storm dragon zombie (Zig:10)
  3 sun demons
  17 hell knights
  5 fire crabs
  A spectral death yak (Lair:5)
  A pharaoh ant (Zig:4)
  2 iron trolls (Depths:4)
  A spectral anaconda (Lair:5)
  4 skysharks
  2 salamander mystics
  2 glowing orange brains
  An orange crystal statue (Gauntlet)
  2 shadow demons (Zig:12)
  8 skeletal warriors
  9 sea snakes
  2 obsidian statues (Zig:2)
  5 mana vipers
  5 arcanists
  10 deep trolls
  2 phantasmal warriors
  2 flayed ghosts
  5 orc knights
  A shadow dragon zombie (Zig:10)
  A deep elf archer (Zig:3)
  An anaconda skeleton (Hell)
  A harpy (Shoals:2)
  3 lindwurms
  A steelbarb worm (Zig:8)
  3 ironbound convokers
  3 deep elf zephyrmancers
  A large abomination (Zig:12)
  8 necromancers
  5 deep elf pyromancers
  A wolf spider (Zig:8)
  2 salamanders
  7 fauns
  7 orc sorcerers
  15 ugly things
  8 cyclopes
  4 nameless horrors
  2 meliai
  A fire giant skeleton (Zig:10)
  5 manticores
  3 elephants (Lair:5)
  3 guardian serpents (Snake:4)
  12 moths of wrath
  2 kobold blastminers (Zig:6)
  3 apocalypse crabs (Zot:3)
  2 merfolk sirens
  A frost giant skeleton (Zig:10)
  8 black mambas
  2 ice statues (Zig:2)
  A molten gargoyle (Volcano)
  2 naga magi
  A vault sentinel (Vaults:1)
  A water nymph (Shoals:4)
  2 torpor snails (Zig:8)
  A cane toad (Lair:5)
  A yaktaur (Vaults:1)
  3 hellions
  A kobold demonologist (D:13)
  A freezing wraith (D:13)
  3 komodo dragons
  2 tormentors
  A tengu conjurer (D:13)
  2 guardian mummies (Zig:10)
  A hellwing (Zig:12)
  2 hydra zombies (Hell)
  A polar bear (Lair:2)
  24 merfolk
  3 trolls
  3 wind drakes
  A sea snake skeleton (Hell)
  A red devil (Orc:2)
  2 tarantellas (Zig:8)
  A hornet (D:13)
  A bloated husk (Zig:5)
  A hydra skeleton (Hell)
  4 blink frogs
  A spectral elephant (Lair:5)
  A glass eye (Depths:4)
  An alligator simulacrum (Hell)
  2 snapping turtles
  2 centaur simulacra (D:15)
  16 slime creatures
  A shadow (D:10)
  4 wraiths
  2 vampires
  A water elemental (Shoals:3)
  An air elemental (Elf:2)
  3 fire bats (Volcano)
  2 ushabtiu (Zig:10)
  2 fire elementals (Zig:3)
  17 yaks
  2 redbacks
  A sea snake simulacrum (Hell)
  4 wargs
  3 basilisks
  2 neqoxecs
  A steam dragon (Volcano)
  6 vampire mosquitoes
  A death yak simulacrum (Lair:5)
  2 spectral cane toads (Lair:5)
  3 nagas
  2 water moccasins
  A glowing shapeshifter zombie (Zig:10)
  A hell hound (Volcano)
  A glowing shapeshifter skeleton (Depths:3)
  An ice beast (D:7)
  22 orc warriors
  An elephant zombie (Lair:5)
  A laughing skull (Crypt:3)
  4 wolves
  3 ogres
  4 centaurs
  An elephant skeleton (Lair:5)
  3 kobold brigands
  An elf zombie (Ossuary)
  5 bullfrogs
  A necrophage (Crypt:3)
  A gnoll sergeant (D:10)
  A scorpion (D:4)
  A wight (D:7)
  6 killer bees
  4 howler monkeys
  2 jellies (Lair:4)
  A lava snake (Volcano)
  A centaur zombie (Ossuary)
  2 human zombies (Ossuary)
  7 orc priests
  A gnoll bouda (D:9)
  A quasit (D:10)
  A hound (D:5)
  A sleepcap (D:4)
  5 orc wizards
  11 mummies
  10 gnolls
  7 adders
  2 shadow imps (Gauntlet)
  A white imp (Gauntlet)
  An iguana skeleton (Crypt:1)
  3 dart slugs
  A ribbon worm (D:2)
  33 orcs
  3 endoplasms
  A giant cockroach (D:3)
  8 goblins
  8 hobgoblins
  2 jackals (D:5)
  6 kobolds
  7 quokkas
  3 ball pythons
  A bat (D:3)
  A dart slug zombie (Crypt:2)
  2 frilled lizards (D:1)
  A kobold zombie (D:6)
  2 orc zombies (D:6)
  3 rats (D:1)
  A butterfly (Lair:4)
861 creatures vanquished.

Vanquished Creatures (collateral kills)
  A pandemonium lord (Zig:12)
  A dread lich (Vaults:5)
  Khufu (Crypt:3)
  3 orbs of fire
  2 juggernauts (Depths:4)
  2 royal mummies (Tomb:1)
  Bai Suzhen (Shoals:3)
  Sojobo (Vaults:2)
  A Head Instructor (WizLab)
  A curse toe (Zot:3)
  A caustic shrike (Depths:4)
  Geryon (Hell)
  7 golden dragons
  Nikola (Shoals:4)
  A profane servitor (Crypt:3)
  2 electric golems (Zot:1)
  A Brimstone Fiend (Geh:2)
  4 hellephants
  13 tentacled monstrosities
  3 quicksilver dragons
  Rupert (D:14)
  2 liches
  A deep elf master archer (Elf:3)
  9 searing wretches
  2 deep elf blademasters (Elf:3)
  9 sphinxes
  8 acid blobs (Slime:5)
  4 krakens (Shoals:3)
  4 ancient champions
  Frances (Elf:1)
  7 eldritch tentacles
  6 death cobs
  12 shadow dragons
  5 azure jellies
  12 storm dragons
  6 tengu reavers
  10 fire giants
  3 revenants
  Ilsuiw (Shoals:3)
  An emperor scorpion (Zig:1)
  4 draconian knights
  5 draconian scorchers
  5 draconian monks
  A spectral juggernaut (Depths:1)
  A draconian shifter (Zot:2)
  2 iron dragons
  5 deep elf elementalists (Elf:3)
  4 deep elf sorcerers (Elf:3)
  7 vault wardens
  6 frost giants
  3 ghost moths
  4 balrugs
  2 draconian stormcallers
  A juggernaut zombie (Crypt:3)
  19 very ugly things
  An ophan (Zig:2)
  9 ironbound preservers
  The ghost of Onucvo the Cleaver, a journeyman FoFi of Okawaru (D:14)
  2 draconian annihilators (Depths:4)
  5 quicksilver oozes
  An orc warlord (Vaults:2)
  2 formless jellyfish
  6 ghouls
  9 stone giants
  3 vampire knights (Crypt:2)
  An angel (Zig:2)
  7 deep elf death magi
  2 ironbound thunderhulks
  3 spriggan defenders
  2 deep elf demonologists
  10 white draconians
  11 purple draconians
  12 green draconians
  11 black draconians
  2 dire elephants (Lair:5)
  A war gargoyle (Vaults:5)
  9 red draconians
  3 spark wasps (Depths:3)
  The ghost of Pios Xaciraj the Destroyer, a journeyman DgHW (D:14)
  9 deep elf annihilators
  3 yellow draconians
  An eidolon (Crypt:2)
  6 fire dragons
  8 ettins
  2 blizzard demons
  5 deep elf high priests
  8 merfolk javelineers
  11 merfolk impalers
  2 entropy weavers
  3 yaktaur captains
  11 jiangshi
  8 mummy priests
  7 salamander tyrants
  30 vault guards
  3 rakshasas
  A fenstrider witch zombie (Crypt:2)
  A juggernaut simulacrum (Depths:3)
  A peacekeeper (Vaults:2)
  4 ice dragons
  A spriggan skeleton (Tomb:1)
  8 great orbs of eyes
  4 spriggan air magi
  5 ogre magi
  An anaconda (shapeshifter) (Depths:3)
  7 centaur warriors
  A boulder beetle (Lair:2)
  A sphinx zombie (Depths:3)
  A catoblepas (Lair:4)
  3 merfolk avatars
  5 dancing weapons
  7 anacondas
  2 merfolk aquamancers (Shoals:4)
  An alligator snapping turtle (Shoals:3)
  2 two-headed ogres
  3 vampire magi
  A satyr (Shoals:3)
  3 orc high priests
  6 tengu warriors
  10 deep troll earth magi
  31 hell hogs
  4 death knights
  4 naga warriors
  5 deep troll shamans (Depths:4)
  2 stokers
  An occultist (WizLab)
  6 naga sharpshooters
  3 shock serpents
  A spectral dire elephant (Lair:5)
  3 spriggan berserkers
  A shock serpent (shapeshifter) (Vaults:5)
  2 spriggans
  4 soul eaters
  19 hell knights
  4 salamander mystics
  A fire crab (Volcano)
  4 deep elf knights
  2 skysharks (Vaults:2)
  5 iron trolls
  2 shadow wraiths (Crypt:3)
  26 skeletal warriors
  A large abomination (Crypt:3)
  10 mana vipers
  4 sea snakes
  2 cherubim (Shoals:4)
  5 flayed ghosts
  A deep elf archer (Elf:2)
  30 deep trolls
  A death drake (Depths:4)
  2 glowing orange brains
  A bog body (Crypt:2)
  A golden dragon skeleton (Depths:3)
  2 spriggan simulacra
  7 necromancers
  6 arcanists
  2 naga ritualists (Snake:4)
  5 orc knights
  12 ironbound convokers
  5 lindwurms
  5 harpies
  3 phantasmal warriors
  11 deep elf pyromancers
  A steelbarb worm (shapeshifter) (Vaults:5)
  A frost giant zombie (Depths:3)
  11 fauns
  37 ugly things
  2 shining eyes
  A will-o-the-wisp (Zig:9)
  14 deep elf zephyrmancers
  3 orc sorcerers (Orc:2)
  A cyclops (shapeshifter) (Vaults:1)
  2 cyclopes
  2 fauns (shapeshifter) (Depths:3)
  5 salamanders
  7 manticores
  4 elephants (Lair:5)
  5 moths of wrath
  9 merfolk sirens
  A kobold blastminer (Orc:2)
  7 apocalypse crabs (Zot:3)
  6 vault sentinels
  2 meliai (D:14)
  5 naga magi
  7 black mambas
  2 water nymphs (Shoals:4)
  3 guardian serpents (Snake:4)
  A formless jellyfish zombie (Crypt:1)
  An eye of devastation (Slime:2)
  2 ice statues (Hell)
  A dire elephant skeleton (Lair:5)
  A titan simulacrum (Crypt:3)
  A cane toad (Lair:4)
  A rime drake (Lair:5)
  5 freezing wraiths
  2 komodo dragons (Lair:1)
  A rime drake (shapeshifter) (D:15)
  8 yaktaurs
  3 hellions
  A centaur skeleton (D:15)
  A sea snake zombie (Hell)
  2 tormentors
  3 tengu conjurers
  A harpy zombie (Tomb:1)
  11 guardian mummies
  A sea snake skeleton (Hell)
  3 hornets
  A queen bee (D:14)
  3 polar bears
  28 merfolk
  3 trolls
  A hydra zombie (Hell)
  A tyrant leech (Depths:4)
  7 snapping turtles
  3 wind drakes
  2 glass eyes (shapeshifter)
  3 glass eyes
  A harpy skeleton (Tomb:1)
  12 blink frogs
  A dream sheep (Shoals:4)
  A jumping spider zombie (Crypt:2)
  A spectral elephant (Lair:5)
  5 shadows
  35 slime creatures
  11 wraiths
  2 centaur simulacra
  2 air elementals
  An ettin skeleton (Tomb:1)
  A culicivora (Vaults:1)
  5 water elementals
  5 fire bats (Volcano)
  An ushabti (Tomb:1)
  8 yaks
  2 fire elementals
  3 golden eyes (Slime:5)
  2 basilisks
  6 vampire mosquitoes
  6 wargs
  5 redbacks
  A spectral cane toad (Lair:5)
  Menkaure (D:7)
  A chaos spawn (Orc:2)
  9 nagas
  3 small abominations (Crypt:3)
  4 water moccasins
  An acid dragon (D:12)
  A hell hound (Volcano)
  2 ice beasts
  A black bear (D:5)
  11 laughing skulls (Crypt:3)
  24 orc warriors
  An elephant zombie (Lair:5)
  2 sky beasts
  6 ogres
  10 wolves
  A dream sheep skeleton (Crypt:2)
  3 centaurs
  2 elf zombies (Ossuary)
  A phantom (D:5)
  A weeping skull (Crypt:3)
  3 bullfrogs
  5 necrophages
  A komodo dragon zombie (Crypt:2)
  2 scorpions
  A cane toad simulacrum (Lair:5)
  4 burial acolytes (Crypt:3)
  2 wights (D:7)
  33 killer bees
  A troll skeleton (Crypt:2)
  3 howler monkeys
  11 nameless horrors
  3 bombardier beetles
  3 centaur zombies
  3 lava snakes (Volcano)
  A quasit (D:10)
  4 hounds (D:5)
  23 orc priests
  2 sleepcaps (D:5)
  2 human zombies (Ossuary)
  2 jellies (D:5)
  2 gnoll boudas
  An iguana (D:5)
  10 orc wizards
  A crocodile zombie (Ossuary)
  7 mummies
  9 gnolls
  2 adders (D:5)
  2 shadow imps
  63 orcs
  A ball python (D:4)
  3 endoplasms
  A giant cockroach (D:3)
  A goblin (D:4)
  3 hobgoblins (D:4)
  3 kobolds
  2 bats (D:1)
  A frilled lizard (D:3)
  A kobold zombie (D:6)
  3 rats
  17 tentacles (Shoals:3)
1461 creatures vanquished.

Vanquished Creatures (others)
  An orb of fire (Zot:3)
  Margery (Crypt:2)
  2 curse toes (Zot:3)
  A golden dragon (Zot:3)
  6 tentacled monstrosities
  A lich (Tomb:1)
  177 eldritch tentacles
  A titan (Vaults:5)
  2 death cobs (Zot:3)
  A tengu reaver (Vaults:5)
  A draconian knight (Zot:3)
  A deep elf sorcerer (Vaults:5)
  A draconian monk (Zot:3)
  A vault warden (Vaults:5)
  A deep elf elementalist (Elf:3)
  A draconian scorcher (Zot:3)
  2 ironbound preservers (Vaults:5)
  A stone giant (Vaults:5)
  A war gargoyle (Vaults:5)
  A deep elf demonologist (Vaults:5)
  2 white draconians
  A purple draconian (Zot:3)
  A yellow draconian (Zot:3)
  2 ettins (Vaults:5)
  A merfolk javelineer (Shoals:3)
  2 yaktaur captains (Vaults:5)
  A deep elf high priest (Vaults:5)
  3 vault guards (Vaults:5)
  A deep troll earth mage (Vaults:5)
  A deep troll shaman (Vaults:5)
  A shock serpent (Snake:4)
  2 hell hogs
  A deep elf knight (Elf:2)
  A skyshark (shapeshifter) (Vaults:5)
  An iron troll (Vaults:5)
  A deep troll (Vaults:5)
  A mana viper (Snake:4)
  3 phantasmal warriors (Vaults:5)
  2 ironbound convokers (Vaults:5)
  A steelbarb worm (shapeshifter) (Vaults:5)
  A harpy (Shoals:4)
  A deep elf zephyrmancer (D:15)
  An orc knight (Vaults:5)
  2 moths of wrath (Zot:3)
  2 vault sentinels (Vaults:5)
  An unseen horror (D:13)
  2 yaktaurs (Vaults:5)
  A merfolk (Vaults:1)
  A water elemental (Shoals:4)
  2 orc warriors (Vaults:5)
  A bullfrog (Lair:4)
  2 orc wizards (D:9)
  3 orcs (Vaults:5)
  154 blazeheart cores
  3 creeping infernos
  8 foxfires (Zig:9)
  4 snaplasher vines
  31 tentacles (Shoals:3)
453 creatures vanquished.

Grand Total: 2775 creatures vanquished

Notes
Turn   | Place    | Note
-------+----------+-------------------------------------------
     0 | D:1      | Daunt the Gargoyle Summoner began the quest for the Orb.
     0 | D:1      | Reached XP level 1. HP: 10/10 MP: 3/3
   251 | D:1      | Reached XP level 2. HP: 15/15 MP: 0/5
   365 | D:1      | Learned a level 2 spell: Call Imp
   889 | D:2      | Reached XP level 3. HP: 19/19 MP: 3/6
   987 | D:1      | Learned a level 3 spell: Call Canine Familiar
  1291 | D:2      | Reached skill level 5 in Summonings
  1291 | D:2      | Reached XP level 4. HP: 3/24 MP: 3/7
  1694 | D:2      | You fall into a shaft and drop 2 floors!
  1761 | D:4      | Reached XP level 5. HP: 28/28 MP: 8/8
  2116 | D:3      | Noticed an ogre
  2126 | D:3      | Killed an ogre
  2127 | D:3      | Reached skill level 1 in Fighting
  2127 | D:3      | Reached skill level 1 in Fire Magic
  2207 | D:3      | Reached XP level 6. HP: 23/34 MP: 6/9
  2812 | D:5      | Entered Level 5 of the Dungeon
  2887 | D:4      | Reached XP level 7. HP: 26/40 MP: 3/11
  3517 | D:5      | Found a staircase to the Ecumenical Temple.
  3541 | Temple   | Entered the Ecumenical Temple
  3554 | Temple   | Became a worshipper of Gozag Ym Sagoz the Greedy
  3654 | D:5      | Learned a level 4 spell: Summon Blazeheart Golem
  3679 | D:5      | Reached XP level 8. HP: 38/48 MP: 7/13
  4361 | D:5      | Reached skill level 5 in Fighting
  4461 | D:5      | Identified the +2 dagger of Uncertain Death {vamp, rElec
                  | rF+ rC- Dex+3}
  4549 | D:5      | Reached skill level 1 in Armour
  4689 | D:5      | Found a white marble altar of Elyvilon.
  5038 | D:5      | Reached XP level 9. HP: 34/54 MP: 9/15
  5199 | D:6      | Found a sand-covered staircase.
  5207 | Ossuary  | Entered an ossuary
  5278 | Ossuary  | Reached skill level 5 in Fire Magic
  5332 | Ossuary  | Reached skill level 5 in Spellcasting
  5427 | D:6      | Found Joni's Jewellery Emporium.
  5442 | D:6      | Reached skill level 5 in Stealth
  5477 | D:6      | Found Vepe's Distillery.
  5485 | D:6      | Bought a potion of curing for 45 gold pieces
  5485 | D:6      | Bought a potion of heal wounds for 75 gold pieces
  5485 | D:6      | Bought a potion of invisibility for 120 gold pieces
  5583 | D:6      | Found Simawet's Assorted Antiques.
  5589 | D:6      | Got the Handbook of the Wayfarer
  5620 | D:6      | Bought a scroll labelled WOHONU BACAU for 28 gold pieces
  5620 | D:6      | Bought a sedimented brown potion for 25 gold pieces
  5620 | D:6      | Bought a fizzy grey potion for 25 gold pieces
  5620 | D:6      | Bought 2 scrolls labelled CUMNUE DELU for 56 gold pieces
  5620 | D:6      | Bought a shiny buckler for 210 gold pieces
  5690 | D:6      | Found Uroschi's Weapon Shop.
  5891 | D:7      | Noticed Menkaure
  5899 | D:7      | Killed Menkaure
  6336 | D:7      | Reached XP level 10. HP: 45/59 MP: 14/19
  7022 | D:8      | Reached skill level 5 in Shields
  7664 | D:10     | Entered Level 10 of the Dungeon
  7732 | D:10     | Reached skill level 1 in Air Magic
  7939 | D:9      | Found Ziuwonuyn's Jewellery Emporium.
  7947 | D:9      | Bought an amulet of regeneration for 330 gold pieces
  8031 | D:10     | Found a staircase to the Lair.
  8052 | D:10     | Found a glowing golden altar of the Shining One.
  8134 | D:10     | Found a transporter.
  8138 | D:10     | Noticed FoolsGold's ghost (journeyman HOFi)
  8166 | D:10     | Noticed a cyclops
  8220 | D:10     | Killed a cyclops
  8269 | D:10     | Noticed a centaur warrior
  8280 | D:10     | Killed a centaur warrior
  8346 | D:10     | Learned a level 4 spell: Summon Lightning Spire
  8413 | D:10     | Noticed a cyclops
  8421 | D:10     | Killed a cyclops
  8422 | D:10     | Reached skill level 1 in Evocations
  8422 | D:10     | Reached XP level 11. HP: 68/68 MP: 12/20
  8502 | D:10     | Reached skill level 1 in Translocations
  8632 | D:10     | Found a burning altar of Makhleb.
  8634 | D:10     | Found a hide-covered altar of Uskayaw.
  8634 | D:10     | Found a glowing silver altar of Zin.
  8635 | D:10     | Found a shimmering blue altar of Sif Muna.
  8636 | D:10     | Found an ancient bone altar of Kikubaaqudgha.
  8636 | D:10     | Found an iron altar of Okawaru.
  8636 | D:10     | Found a basalt altar of Yredelemnul.
  8636 | D:10     | Found a shadowy altar of Dithmenos.
  8636 | D:10     | Found a bloodstained altar of Trog.
  8638 | D:10     | Found a stormy altar of Qazlal.
  8638 | D:10     | Found a snail-covered altar of Cheibriados.
  8638 | D:10     | Found a shimmering altar of Xom.
  8689 | D:10     | Found a staircase to the Orcish Mines.
  8781 | D:10     | Noticed a two-headed ogre
  8792 | D:10     | Killed a two-headed ogre
  8840 | D:10     | Found a transporter.
  9062 | D:6      | Bought the ring of Reoneish {Will+ Int+6 Dex+5} for 827
                  | gold pieces
  9070 | D:6      | Learned a level 5 spell: Summon Forest
  9247 | D:11     | Noticed a two-headed ogre
  9257 | D:11     | Killed a two-headed ogre
  9285 | D:11     | Noticed a cyclops
  9302 | D:11     | Killed a cyclops
  9460 | D:11     | Noticed Urug
  9460 | D:11     | Noticed a two-headed ogre
  9472 | D:11     | Killed a two-headed ogre
  9644 | D:11     | Reached skill level 5 in Translocations
  9707 | Orc:1    | Entered Level 1 of the Orcish Mines
  9797 | Orc:1    | Noticed an orc sorcerer
  9819 | Orc:1    | Killed an orc sorcerer
  9968 | Orc:2    | Entered Level 2 of the Orcish Mines
 10025 | Orc:2    | Found a staircase to the Elven Halls.
 10032 | Orc:2    | Noticed an orc knight
 10045 | Orc:2    | Killed an orc knight
 10046 | Orc:2    | Reached XP level 12. HP: 74/76 MP: 9/21
 10166 | Orc:2    | Reached skill level 1 in Polearms
 10213 | Orc:2    | Found Miwnu's General Store.
 10219 | Orc:2    | Bought a scroll of identify for 24 gold pieces
 10219 | Orc:2    | Bought a scroll of noise for 12 gold pieces
 10219 | Orc:2    | Bought a scroll of identify for 24 gold pieces
 10381 | Orc:2    | Found Yvirupt's Magic Scroll Emporium.
 10395 | Orc:2    | Noticed a soul eater
 10413 | Orc:2    | Killed a soul eater
 10555 | Orc:2    | Reached skill level 5 in Armour
 10601 | Orc:2    | Found Utzoz's General Store.
 10651 | Orc:2    | Bought a scroll of blinking for 120 gold pieces
 10651 | Orc:2    | Bought a scroll of vulnerability for 64 gold pieces
 10653 | Orc:2    | Bought a potion of haste for 140 gold pieces
 10653 | Orc:2    | Bought a scroll of teleportation for 42 gold pieces
 10667 | Orc:2    | Noticed an orc high priest
 10673 | Orc:2    | Noticed a sun demon
 10794 | Orc:2    | Killed an orc high priest
 10897 | Orc:2    | Reached skill level 10 in Fighting
 10968 | Orc:2    | Noticed an orc high priest
 10976 | Orc:2    | Noticed a sun demon
 11066 | Orc:2    | Noticed an orc high priest
 11078 | Orc:2    | Killed an orc high priest
 11102 | Orc:2    | Noticed a demonspawn
 11103 | Orc:2    | Noticed an orc high priest
 11220 | Orc:2    | Killed an orc high priest
 11236 | Orc:2    | Noticed an orc high priest
 11251 | Orc:2    | Killed an orc high priest
 11253 | Orc:2    | Killed an orc high priest
 11283 | Orc:2    | Noticed an orc high priest
 11296 | Orc:2    | Killed an orc high priest
 11297 | Orc:2    | Reached XP level 13. HP: 45/85 MP: 17/22
 11382 | Orc:2    | Found Alougase's Book Boutique.
 11382 | Orc:2    | Found Teasos's Antique Weapon Shop.
 11383 | Orc:2    | Found a one-way gate leading to the halls of Pandemonium.
 11393 | Orc:2    | Bought a polished trident for 289 gold pieces
 11393 | Orc:2    | Identified the +9 trident of the Grave {drain, rCorr Int+3
                  | Stlth+} (You bought it in a shop on level 2 of the Orcish
                  | Mines)
 11796 | D:10     | Identified the ring of Bodily Harmony {rN+ Int+6 Dex+3}
 11819 | D:10     | Killed FoolsGold's ghost
 12046 | Lair:1   | Entered Level 1 of the Lair of Beasts
 12591 | Lair:1   | Found a dark tunnel.
 12604 | Volcano  | Entered a volcano
 12695 | Volcano  | Found a radiant altar of Vehumet.
 12824 | Volcano  | Reached skill level 5 in Polearms
 13095 | Lair:4   | Reached skill level 5 in Dodging
 13185 | Lair:4   | Gained mutation: Your large and strong wings let you fly.
                  | [Gargoyle growth]
 13185 | Lair:4   | Reached XP level 14. HP: 92/92 MP: 5/25
 13223 | Lair:4   | Reached skill level 10 in Summonings
 13321 | Lair:5   | Entered Level 5 of the Lair of Beasts
 13535 | Lair:5   | Noticed a dire elephant
 13535 | Lair:5   | Noticed a dire elephant
 13551 | Lair:5   | Noticed a dire elephant
 13551 | Lair:5   | Noticed a dire elephant
 13824 | Lair:5   | Got the Parchment of the Geodesic
 13969 | Lair:5   | Killed a dire elephant
 13976 | Lair:5   | Killed a dire elephant
 13997 | Lair:5   | Killed a dire elephant
 14033 | Lair:5   | Killed a dire elephant
 14064 | Lair:5   | Got an earthy gem with 1991 turns to spare
 14190 | Lair:2   | Found a staircase to the Shoals.
 14212 | Shoals:1 | Entered Level 1 of the Shoals
 14317 | Shoals:1 | Identified the +5 ring mail "Nonidd" {Dex+4}
 14384 | Shoals:1 | Reached skill level 10 in Translocations
 14565 | Shoals:1 | Reached XP level 15. HP: 88/97 MP: 20/28
 14676 | Shoals:1 | Found a transporter.
 14682 | Shoals:1 | Found a transporter.
 14686 | Shoals:1 | Found a transporter.
 14745 | Lair:2   | Found a staircase to the Snake Pit.
 14825 | D:11     | Killed Urug
 15652 | D:14     | Found a gate leading to a gauntlet.
 15662 | Gauntlet | Entered a Gauntlet
 15662 | Gauntlet | Found the +8 storm bow {elec, penet}
 15662 | Gauntlet | Found a transporter.
 15662 | Gauntlet | Found a transporter.
 15666 | Gauntlet | Found a transporter.
 15666 | Gauntlet | Found a transporter.
 15680 | Gauntlet | Found a transporter.
 15684 | Gauntlet | Found a transporter.
 15690 | Gauntlet | Found a transporter.
 15690 | Gauntlet | Found a transporter.
 15735 | Gauntlet | Found a transporter.
 15783 | Gauntlet | Found a transporter.
 15788 | Gauntlet | Found a transporter.
 15802 | Gauntlet | Found a transporter.
 15977 | Gauntlet | Identified the +1 cloak of Gehenna {rF+ Will+ Int+4}
 16113 | Gauntlet | Identified the +9 short sword of Cosehievuo {heavy, rF- rN+
                  | Str+3}
 16307 | D:14     | Learned a level 7 spell: Malign Gateway
 16336 | D:13     | Reached skill level 15 in Summonings
 16654 | D:13     | Reached skill level 10 in Spellcasting
 16709 | D:13     | Reached XP level 16. HP: 84/103 MP: 17/30
 17004 | D:14     | Noticed Rupert
 17220 | D:14     | Killed Rupert
 17431 | D:14     | Found a gate to the Vaults.
 17560 | D:15     | Entered Level 15 of the Dungeon
 17792 | D:14     | Found a hazy altar of Hepliaklqana.
 18032 | D:14     | Found a runed translucent gate.
 18032 | D:14     | Found a runed translucent gate.
 18033 | D:14     | Found a runed translucent gate.
 18034 | D:14     | Noticed Onucvo's ghost (journeyman FoFi)
 18034 | D:14     | Noticed Pios Xaciraj's ghost (journeyman DgHW)
 18046 | D:14     | Killed Pios Xaciraj's ghost
 18048 | D:14     | Killed Onucvo's ghost
 18538 | D:15     | Found a staircase to the Depths.
 18826 | D:15     | Learned a level 2 spell: Blink
 19078 | Shoals:3 | Noticed Bai Suzhen
 19082 | Shoals:3 | Noticed Mara
 19162 | Shoals:2 | Reached skill level 5 in Evocations
 19383 | Shoals:3 | Killed Bai Suzhen
 19394 | Shoals:3 | Reached XP level 17. HP: 75/108 MP: 25/31
 19481 | Shoals:3 | Noticed Ilsuiw
 19659 | Shoals:3 | Noticed Daunt's illusion
 19664 | Shoals:3 | Killed Mara
 19674 | Shoals:3 | Killed Ilsuiw
 19707 | Shoals:4 | Entered Level 4 of the Shoals
 19717 | Shoals:4 | Found a white marble altar of Elyvilon.
 19743 | Shoals:4 | Noticed Nikola
 19956 | Shoals:3 | Noticed a kraken
 19978 | Shoals:3 | Noticed a kraken
 19994 | Shoals:3 | Killed a kraken
 20031 | Shoals:3 | Killed a kraken
 20157 | Shoals:3 | Noticed a kraken
 20158 | Shoals:3 | Noticed a kraken
 20166 | Shoals:3 | Killed a kraken
 20173 | Shoals:3 | Killed a kraken
 20452 | Shoals:3 | Reached skill level 10 in Armour
 20585 | Shoals:3 | Got the Monograph on the Sky
 20765 | Shoals:2 | Found Duilej's Assorted Antiques.
 20851 | Shoals:2 | Bought a scroll of identify for 48 gold pieces
 20924 | Shoals:4 | Reached XP level 18. HP: 94/117 MP: 7/32
 20959 | Shoals:4 | Identified the ring of the Fifty Ears {rElec rF+ rN++ Str+2
                  | Dex+6}
 21333 | Shoals:4 | Found a glowing silver altar of Zin.
 21543 | Shoals:4 | Found a glowing golden altar of the Shining One.
 21559 | Shoals:4 | Got a barnacled rune of Zot
 21622 | Shoals:4 | Killed Nikola
 21656 | Shoals:4 | Identified the maw talisman of Wuiklixt {rCorr Str-4 Int+3
                  | Dex+8 Slay-2}
 21880 | Snake:1  | Entered Level 1 of the Snake Pit
 22103 | Snake:3  | Reached skill level 15 in Fighting
 22193 | Snake:4  | Entered Level 4 of the Snake Pit
 22338 | Snake:4  | Reached skill level 1 in Conjurations
 22573 | Snake:4  | Reached skill level 5 in Conjurations
 22765 | Snake:4  | Reached XP level 19. HP: 118/124 MP: 21/34
 22813 | Snake:4  | Got a serpentine rune of Zot
 22815 | Snake:4  | Got a jade gem with 1459 turns to spare
 23186 | Orc:2    | Bought a book of Iron for 480 gold pieces
 23186 | Orc:2    | Bought a book of the Earth for 540 gold pieces
 23194 | Orc:2    | Learned a level 7 spell: Spellforged Servitor
 23234 | Elf:1    | Entered Level 1 of the Elven Halls
 23241 | Elf:1    | Noticed Frances
 23248 | Elf:1    | Reached skill level 1 in Earth Magic
 23250 | Elf:1    | Reached skill level 2 in Earth Magic
 23252 | Elf:1    | Killed Frances
 23253 | Elf:1    | Reached skill level 3 in Earth Magic
 23260 | Elf:1    | Reached skill level 4 in Earth Magic
 23312 | Elf:1    | Reached skill level 5 in Earth Magic
 23319 | Elf:1    | Learned a level 6 spell: Bombard
 23363 | Elf:1    | Found Laeg's Antique Weapon Shoppe.
 23586 | Elf:3    | Entered Level 3 of the Elven Halls
 23586 | Elf:3    | Found Ugon's Armour Boutique.
 23593 | Elf:3    | Reached skill level 6 in Earth Magic
 23616 | Elf:3    | Identified the +1 ring mail of Howling Wind {Regen+ rCorr
                  | Dex-5}
 23652 | Elf:3    | Paralysed by an air elemental for 1 turns
 23657 | Elf:3    | Paralysed by an air elemental for 1 turns
 23688 | Elf:3    | Found Cathret's Antique Armour Shop.
 23697 | Elf:3    | Bought a glimmering leather armour for 196 gold pieces
 23697 | Elf:3    | Identified the +2 leather armour "Coiceng" {rElec rN+ Will-
                  | SInv} (You bought it in a shop on level 3 of the Elven
                  | Halls)
 23715 | Elf:3    | Found Tenajin's Assorted Antiques.
 23731 | Elf:3    | Bought a scroll labelled HUCHEI FIUFA for 28 gold pieces
 23731 | Elf:3    | Bought a potion of magic for 224 gold pieces
 23731 | Elf:3    | Bought an embroidered robe for 103 gold pieces
 23783 | Elf:2    | Paralysed by an air elemental for 1 turns
 23807 | Elf:2    | Reached skill level 7 in Earth Magic
 24375 | Elf:3    | Identified the amulet "Puizxiph" {Acrobat +Blink rF+ rN+
                  | Str-5}
 24420 | Elf:3    | Identified the +6 glaive of Exoneration {heavy, rF+ rCorr}
 24439 | Elf:3    | Noticed a Tzitzimitl
 24612 | Elf:3    | Got Wanatij's Enchiridion on Arcane Weapons
 24615 | Elf:3    | Identified the +8 hand cannon of Calculation {penet, rC+
                  | Int-4 Dex+5}
 24677 | Elf:3    | Reached XP level 20. HP: 136/136 MP: 22/35
 24709 | Elf:3    | Identified the ring "Haotou Suicw" {rN+ MP+9 Int+6}
 24806 | Elf:3    | Acquired the ring of Rureosch {rF+ Will+ SInv}
 24810 | Elf:3    | Got a shimmering gem with 216 turns to spare
 25057 | Vaults:1 | Entered Level 1 of the Vaults
 25121 | Vaults:1 | Found a magical portal.
 25145 | WizLab   | Entered Yara's Duelist Academy
 25259 | WizLab   | Noticed Liaxkeup
 25268 | WizLab   | Killed Liaxkeup the Head Instructor
 25378 | WizLab   | Found the +5 demon whip "Spellbinder" {antimagic, disrupt,
                  | Will+}
 25382 | WizLab   | Got Yara's Lectures on Interference
 26153 | Vaults:2 | Noticed Norris
 26167 | Vaults:2 | Killed Norris
 26225 | Vaults:2 | Reached skill level 10 in Conjurations
 26274 | Vaults:2 | Identified the staff "Zeulecud" {rElec rPois Str-4 Summ Ice
                  | Alchemy}
 26298 | Vaults:2 | Noticed Sojobo
 26307 | Vaults:2 | Paralysed by an air elemental for 1 turns
 26320 | Vaults:2 | Paralysed by an air elemental for 1 turns
 26460 | Vaults:2 | Killed Sojobo
 26855 | Vaults:3 | Reached XP level 21. HP: 118/144 MP: 36/36
 26927 | Vaults:3 | Found Teda's Armour Emporium.
 27385 | Vaults:4 | Reached skill level 15 in Conjurations
 27503 | Vaults:5 | Entered Level 5 of the Vaults
 27503 | Vaults:5 | Noticed a dread lich
 27555 | Vaults:5 | Paralysed by a sphinx for 2 turns
 27555 | Vaults:5 | HP: 6/144 [phantasmal warrior (30)]
 27733 | Vaults:5 | Identified the +12 long sword "Weisicsu" {freeze, +Blink
                  | rCorr MP+9}
 27779 | Vaults:5 | Identified the +4 ring mail of the Oni {rElec rN+ Str-3}
 27862 | Vaults:5 | Killed a dread lich
 28288 | Vaults:5 | Got a shining gem with 1057 turns to spare
 28290 | Vaults:5 | Got a silver rune of Zot
 28332 | Vaults:5 | Reached XP level 22. HP: 137/150 MP: 23/39
 28456 | Vaults:5 | Identified the ring "Sisuesch" {+Blink rF++ rCorr Str+2
                  | Dex+3}
 28503 | Vaults:5 | Reached skill level 8 in Earth Magic
 28580 | Vaults:5 | Identified the +5 falchion of Righteous Fury {flame, rPois
                  | Str-5 Int+2 Dex+3}
 28592 | Vaults:5 | Identified the staff of Ciutaog {^Drain rN+ SInv Necro Air}
 28651 | Vaults:5 | Reached skill level 9 in Earth Magic
 28725 | Vaults:5 | Identified the staff of Ifiocw {rElec rN+ Str+2 Necro}
 28972 | Depths:1 | Entered Level 1 of the Depths
 29034 | D:15     | Learned a level 6 spell: Dispersal
 29039 | D:15     | Learned a level 4 spell: Passage of Golubria
 29237 | Lair:4   | Found a staircase to the Slime Pits.
 29257 | Slime:1  | Entered Level 1 of the Pits of Slime
 29339 | Slime:2  | Reached skill level 10 in Earth Magic
 29386 | Slime:5  | Entered Level 5 of the Pits of Slime
 29439 | Slime:5  | Noticed the Royal Jelly
 29480 | Slime:5  | Killed the Royal Jelly
 29586 | Slime:5  | Gained mutation: You are clumsy. (Dex -2) [a shining eye]
 29590 | Slime:5  | Gained mutation: You occasionally lose the ability to read
                  | scrolls when taking damage. [a shining eye]
 29613 | Slime:5  | Got a starry gem with 266 turns to spare
 29624 | Slime:5  | Identified the +5 halberd "Buxtiotu" {heavy, rC+ Str+3}
 29637 | Slime:5  | Identified the +8 morningstar "Xupinyff" {flame, rN+ rCorr
                  | Int-3}
 29695 | Slime:5  | Got a slimy rune of Zot
 29728 | Slime:4  | Gained mutation: You sometimes lose your temper in combat.
                  | [a shining eye]
 29728 | Slime:4  | Gained mutation: Your body sometimes deteriorates upon
                  | taking damage. [a shining eye]
 29729 | Slime:4  | Gained mutation: You are occasionally teleported next to
                  | monsters. [a shining eye]
 29733 | Slime:4  | Gained mutation: You are weak. (Str -2) [a shining eye]
 29836 | D:10     | Lost mutation: You sometimes lose your temper in combat.
                  | [potion of mutation]
 29836 | D:10     | Lost mutation: You are occasionally teleported next to
                  | monsters. [potion of mutation]
 29836 | D:10     | Gained mutation: Your movements are slightly less
                  | encumbered by armour. (ER -2) [potion of mutation]
 29836 | D:10     | Gained mutation: You are frail. (-10% HP) [potion of
                  | mutation]
 29836 | D:10     | Gained mutation: You have a pair of small horns on your
                  | head. [potion of mutation]
 29837 | D:10     | Lost mutation: You are clumsy. (Dex -2) [potion of
                  | mutation]
 29837 | D:10     | Lost mutation: You have a pair of small horns on your head.
                  | [potion of mutation]
 29837 | D:10     | Lost mutation: You are weak. (Str -2) [potion of mutation]
 29837 | D:10     | Gained mutation: Your health recovers twice as slowly from
                  | being drained. [potion of mutation]
 29837 | D:10     | Gained mutation: You are dopey. (Int -2) [potion of
                  | mutation]
 29837 | D:10     | Gained mutation: You have a pair of small horns on your
                  | head. [potion of mutation]
 29837 | D:10     | Lost mutation: You are frail. (-10% HP) [potion of
                  | mutation]
 29838 | D:10     | Lost mutation: Your body sometimes deteriorates upon taking
                  | damage. [potion of mutation]
 29838 | D:10     | Lost mutation: You have a pair of small horns on your head.
                  | [potion of mutation]
 29838 | D:10     | Lost mutation: Your movements are slightly less encumbered
                  | by armour. (ER -2) [potion of mutation]
 29838 | D:10     | Gained mutation: Your flesh is cold resistant. (rC+)
                  | [potion of mutation]
 29839 | D:10     | Lost mutation: Your flesh is cold resistant. (rC+) [potion
                  | of mutation]
 29839 | D:10     | Lost mutation: You are dopey. (Int -2) [potion of mutation]
 29839 | D:10     | Lost mutation: You occasionally lose the ability to read
                  | scrolls when taking damage. [potion of mutation]
 29839 | D:10     | Gained mutation: You are partially covered in iridescent
                  | scales. (AC +2) [potion of mutation]
 29839 | D:10     | Gained mutation: Your spells are a little harder to cast,
                  | but a little more powerful. [potion of mutation]
 29839 | D:10     | Gained mutation: You have a pair of small antennae on your
                  | head. [potion of mutation]
 30097 | Depths:1 | Got the Papyrus of Sepulchral Turbulence
 30393 | Depths:2 | Reached XP level 23. HP: 158/158 MP: 39/41
 30398 | Depths:2 | Reached skill level 15 in Spellcasting
 30601 | Depths:3 | Reached skill level 11 in Earth Magic
 30650 | Depths:3 | Noticed a golden dragon
 30658 | Depths:3 | Killed a golden dragon
 30671 | Depths:3 | Reached skill level 12 in Earth Magic
 30737 | Depths:3 | Found a gateway to Hell.
 30741 | Depths:3 | Found a large runed translucent door.
 30770 | Depths:4 | Entered Level 4 of the Depths
 30925 | Depths:4 | Found a transporter.
 30931 | Depths:4 | Reached skill level 13 in Earth Magic
 30937 | Depths:4 | Found a transporter.
 30954 | Depths:4 | Found a transporter.
 31013 | Depths:4 | Found a transporter.
 31026 | Depths:4 | Noticed a juggernaut
 31039 | Depths:4 | Killed a juggernaut
 31082 | Depths:4 | Noticed a golden dragon
 31092 | Depths:4 | Killed a golden dragon
 31129 | Depths:4 | Reached skill level 14 in Earth Magic
 31358 | Depths:4 | Noticed a juggernaut
 31370 | Depths:4 | Killed a juggernaut
 31413 | Depths:4 | Found a glowing golden altar of the Shining One.
 31414 | Depths:4 | Found a white marble altar of Elyvilon.
 31438 | Depths:4 | Found a glowing silver altar of Zin.
 31498 | Depths:4 | Reached skill level 15 in Earth Magic
 31558 | Depths:4 | Reached skill level 16 in Earth Magic
 31595 | Depths:4 | Noticed a golden dragon
 31608 | Depths:4 | a golden dragon changed into a caustic shrike
 31608 | Depths:4 | Noticed a caustic shrike
 31609 | Depths:4 | Killed a caustic shrike
 31638 | Depths:4 | Noticed a golden dragon
 31644 | Depths:4 | Killed a golden dragon
 31689 | Depths:4 | Reached skill level 17 in Earth Magic
 31720 | Depths:4 | Reached XP level 24. HP: 164/164 MP: 39/42
 31965 | Depths:4 | Reached skill level 18 in Earth Magic
 31993 | Depths:4 | Found a gate to the Realm of Zot.
 32020 | Depths:4 | Got a midnight gem with 906 turns to spare
 32075 | Zot:1    | Entered Level 1 of the Realm of Zot
 33137 | Zot:2    | Noticed an orb of fire
 33269 | Zot:2    | Killed an orb of fire
 33286 | Zot:2    | Learned a level 8 spell: Lehudib's Crystal Spear
 33338 | Zot:2    | Found a transporter.
 33819 | Zot:3    | Found the +4 dragonskin cloak
 33819 | Zot:3    | Noticed Tiamat
 33876 | Zot:3    | Noticed an orb of fire
 33948 | Zot:2    | Found a transporter.
 34312 | Vaults:2 | Found Ugurarim's Armour Boutique.
 34497 | Vaults:2 | Found a staircase to the Crypt.
 34508 | Vaults:2 | Found Manwer's Antique Armour Shop.
 34515 | Vaults:2 | Bought a twisted ring mail for 351 gold pieces
 34515 | Vaults:2 | Identified the +1 ring mail of the Thoughtful Xeniums
                  | {rCorr} (You bought it in a shop on level 2 of the Vaults)
 34530 | Crypt:1  | Entered Level 1 of the Crypt
 34603 | Crypt:2  | Noticed Margery
 34827 | Crypt:2  | Reached XP level 25. HP: 171/171 MP: 42/42
 34836 | Crypt:2  | Reached skill level 19 in Earth Magic
 35074 | Crypt:2  | Killed Margery
 35124 | Crypt:2  | Reached skill level 20 in Earth Magic
 35163 | Crypt:3  | Entered Level 3 of the Crypt
 35260 | Crypt:2  | Found a basalt altar of Yredelemnul.
 35394 | Crypt:3  | Found an ancient bone altar of Kikubaaqudgha.
 35696 | Crypt:3  | Identified the ring of Olloec {rN+ Dex+3}
 35712 | Crypt:3  | Reached skill level 21 in Earth Magic
 35724 | Crypt:3  | Identified the ring of the Witching Messenger {rN+ Str+3}
 35897 | Crypt:3  | Found a staircase to the Tomb.
 35897 | Crypt:3  | Noticed Khufu
 35961 | Crypt:3  | Killed Khufu
 35988 | Crypt:3  | Got an ivory gem with 334 turns to spare
 36164 | Crypt:3  | Reached skill level 22 in Earth Magic
 36230 | Crypt:3  | Identified the ring of Orolomeb {Will+ Str+6 Dex+2 Stlth-}
 36310 | Tomb:1   | Entered Level 1 of the Tomb of the Ancients
 36795 | Tomb:1   | Noticed a royal mummy
 36804 | Tomb:1   | Killed a royal mummy
 36856 | Tomb:1   | Reached skill level 23 in Earth Magic
 36874 | Tomb:1   | Noticed a royal mummy
 36889 | Tomb:1   | Killed a royal mummy
 37000 | Tomb:1   | Learned a level 9 spell: Shatter
 37016 | Crypt:3  | Lost the ivory gem through the power of Zot.
 37451 | D:6      | Bought the +9 dagger "Fyliuf" {speed, rPois rF++ rN+ Int+4}
                  | for 1384 gold pieces
 38017 | Zot:3    | Gained mutation: You are frail. (-10% HP) [an orb of fire]
 38169 | Zot:3    | Noticed an orb of fire
 38426 | Zot:3    | Reached XP level 26. HP: 64/159 MP: 23/43
 38638 | Zot:3    | Reached skill level 24 in Earth Magic
 38648 | Zot:3    | Killed an orb of fire
 39699 | Zot:5    | Entered Level 5 of the Realm of Zot
 40085 | Zot:3    | Reached skill level 25 in Earth Magic
 40954 | Hell     | Entered the Vestibule of Hell
 40954 | Hell     | Noticed Geryon
 40965 | Hell     | Killed Geryon
 41192 | Hell     | Found a gateway to the freezing wastes of Cocytus.
 41291 | Hell     | Found a gateway to the Iron City of Dis.
 41306 | Hell     | Bought a pair of polished gloves for 465 gold pieces
 41306 | Hell     | Identified the +2 pair of gloves of Context {Int+3 Stlth+}
                  | (You bought it in a shop in the Vestibule of Hell)
 41319 | Hell     | Bought a glowing robe for 181 gold pieces
 41624 | D:14     | Identified the +0 pair of boots of the Lost Path {rElec rC+
                  | Slay+3}
 41787 | Depths:1 | Found a basalt altar of Yredelemnul.
 41922 | Depths:3 | Found a one-way gateway to a ziggurat.
 41931 | Depths:3 | Reached skill level 26 in Earth Magic
 42015 | Depths:3 | Found a large runed translucent door.
 42034 | Depths:3 | Lost the midnight gem through the power of Zot.
 42206 | Depths:3 | Found a large runed translucent door.
 42207 | Depths:3 | Found a large runed translucent door.
 42308 | Depths:3 | Identified the +4 rapier of Humy {flame, rF+ rC++ Int-2}
 42308 | Depths:3 | Identified the +0 ring mail "Nusuf" {rElec rC+ Dex-4}
 42311 | Depths:3 | Found a large runed translucent door.
 42312 | Depths:3 | Found a large runed translucent door.
 42342 | Depths:3 | Found a large runed translucent door.
 42345 | Depths:3 | Found a large runed translucent door.
 42444 | Depths:3 | Found a corrupted altar of Lugonu.
 42445 | Depths:3 | Found a one-way gate to the infinite horrors of the Abyss.
 42473 | Zig:1    | Entered Level 1 of a ziggurat
 42552 | Zig:2    | Entered Level 2 of a ziggurat
 42605 | Zig:3    | Entered Level 3 of a ziggurat
 42609 | Zig:3    | Reached skill level 10 in Shields
 42679 | Zig:4    | Entered Level 4 of a ziggurat
 42685 | Zig:4    | Reached XP level 27. HP: 163/163 MP: 44/44
 42707 | Zig:4    | Identified the +6 spear of the Depths {freeze, *Slow rElec
                  | SInv}
 42717 | Zig:4    | Identified the +0 leather armour of the Scribe {rC+}
 42792 | Zig:5    | Entered Level 5 of a ziggurat
 42810 | Zig:5    | Identified the +6 hand axe "Tisyxkem" {drain, rF- Dex+4}
 42812 | Zig:5    | Identified the staff "Toxkuc" {rF+ rN+ Necro}
 42821 | Zig:6    | Entered Level 6 of a ziggurat
 42874 | Zig:7    | Entered Level 7 of a ziggurat
 42916 | Zig:8    | Entered Level 8 of a ziggurat
 43019 | Zig:9    | Entered Level 9 of a ziggurat
 43026 | Zig:9    | Found the +11 plutonium sword {^Contam Stlth-}
 43027 | Zig:9    | Noticed an orb of fire
 43053 | Zig:9    | Killed an orb of fire
 43064 | Zig:9    | Found the +7 great mace "Firestarter" {flame, immolate,
                  | rFlCloud rF++}
 43085 | Zig:9    | Identified the +1 plate armour of Upetzale {rC+ rN+ MP+9}
 43187 | Zig:10   | Entered Level 10 of a ziggurat
 43194 | Zig:10   | Noticed a royal mummy
 43199 | Zig:10   | Killed a royal mummy
 43325 | Zig:11   | Entered Level 11 of a ziggurat
 43336 | Zig:11   | Noticed a juggernaut
 43337 | Zig:11   | Noticed a juggernaut
 43340 | Zig:11   | Killed a juggernaut
 43341 | Zig:11   | Killed a juggernaut
 43367 | Zig:11   | Identified the staff "Tasuipaq" {rC+ Dex+3 Hexes Earth}
 43423 | Zig:12   | Entered Level 12 of a ziggurat
 43435 | Zig:12   | Noticed Zusac the pandemonium lord
 43437 | Zig:12   | Reached skill level 15 in Shields
 43437 | Zig:12   | Gained mutation: You are weak. (Str -2) [a cacodemon]
 43449 | Zig:12   | Killed Zusac the pandemonium lord
 43450 | Zig:12   | Found the +7 Spriggan's Knife {stab, EV+4 Stlth+}
 43489 | Zig:12   | Identified the ring "Cahot" {+Blink rElec rC+ rCorr Stlth-}
 43665 | Hell     | Found a gateway to the ashen valley of Gehenna.
 43675 | Geh:1    | Entered Level 1 of Gehenna
 43685 | Geh:1    | Reached skill level 10 in Stealth
 44366 | Geh:5    | Reached skill level 27 in Earth Magic
 44788 | Geh:6    | Killed from afar by a Brimstone Fiend

Illustrated notes

Levels and vault maps discovered:
D:1:      dpeg_arrival_short_road, layout_loops_ring
D:2:      layout_loops_ring, hangedman_feature_mirror
D:3:      wander_river, layout_loops_ring, minmay_close_crescents
D:4:      layout_basic
D:5:      layout_loops_ring, elyvilon_altar_3, minmay_temple_entry_trees,
          minmay_increasing_density
D:6:      layout_rooms, nicolae_ossuary_entry_plus, serial_shops,
          nicolae_shop_competitors_out_of_business, nicolae_shop_dealshenge,
          shop, nicolae_shop_getting_attention, minmay_mini_ossuary
D:7:      layout_basic, minivault_27, david_defended_altar_orc, uniq_menkaure
D:8:      layout_loops_ring
D:9:      layout_long_grid, serial_shops, nicolae_shop_statue_plus
D:10:     layout_loops_ring, nicolae_overflows_in_rows, tso_metal_star,
          lair_entry_dummy, orc_0_dummy, gammafunk_ghost_stat_death,
          minmay_shattered_shrine
D:11:     layout_roguey, uniq_urug
D:12:     layout_long_grid, serial_glass, glass_columns_c, glass_columns_a,
          glass_columns_a, glass_columns_a, glass_columns_a, glass_columns_b,
          glass_columns_a, glass_columns_b, glass_columns_a, glass_columns_a,
          glass_columns_c, glass_columns_b, glass_columns_b, glass_columns_b,
          special_room [special_room_orc]
D:13:     nicolae_aperiodic_l_corner, layout_irregular_city, minmay_evil_grid
D:14:     layout_roguey, lightli_vaults_fourway_checkpoint,
          nicolae_hepliaklqana_hippocampus, special_room [special_room_bee],
          gauntlet_entry_generic, gammafunk_ghost_cemetery, uniq_rupert
D:15:     grunt_enter_depths_magical_seal, layout_small_grid
Temple:   hellmonk_temple_beads
Lair:1:   layout_roguey, lightli_volcano_entry_magma_tube
Lair:2:   layout_layer_cave, minmay_shoals_entry_beasts, dummy_snake_entry,
          chequers_serial_rivers_room_b, chequers_serial_rivers_small_3,
          worms_lemuel, lemuel_fruit_fields
Lair:3:   layout_gridlike, beast_lair_carwin_11
Lair:4:   layout_loops_ring, slime_entry_2, grunt_megastairs_4,
          lemuel_fruit_fields
Lair:5:   due_jungle_book, layout_regular_city, lemuel_fruit_tree
Shoals:1: cheibrodos_shoals_epimethial_gifts, layout_shoals,
          serial_nicolae_subway, nicolae_sub_station_crystal,
          nicolae_sub_station_metal, nicolae_sub_station_stone
Shoals:2: layout_shoals, serial_shops, shop
Shoals:3: nicolae_shoals_lighthouse, layout_shoals, uniq_bai_suzhen,
          uniq_ilsuiw, uniq_mara
Shoals:4: shoals_end_hellmonk_holy_island, uniq_nikola
Snake:1:  layout_cave_pods, serial_bayou_shore_b, nicolae_triple_integral
Snake:2:  layout_layer_cave, gammafunk_ghost_necromancy, minmay_shop_star,
          uniq_jorgrun
Snake:3:  layout_basic, minmay_shop_grove, grunt_megastairs_2
Snake:4:  snake_pit_salamanders_mu, layout_cave_town, basic_altar,
          serial_bayou_shore_a
Slime:1:  layout_caves
Slime:2:  layout_caves, uniq_dissolution
Slime:3:  layout_caves, nicolae_slime_getting_an_eyeful
Slime:4:  layout_caves
Slime:5:  slime_pit
Orc:1:    layout_diamond_mine
Orc:2:    pf_orc_diabolical, layout_diamond_mine, serial_shops,
          nicolae_square_shop, minmay_orc_temple_a
Elf:1:    eino_elf_arrival_the_gate, layout_loops_cross, serial_shops, shop,
          evilmike_minifort, uniq_frances
Elf:2:    nicolae_elf_blades_splatter_lattice
          [nicolae_blade_entry_area_security], layout_loops_corners,
          uniq_roxanne
Elf:3:    minmay_elf_hall_spiked, layout_geoelf_grid, serial_shops, shop,
          nicolae_shop_pleasant_corner_grove,
          nicolae_shop_pleasant_corner_grove, shop, nicolae_shop_statue_plus,
          lemuel_flame_loot_1
Vaults:1: lightli_enter_wizlab_magi_temple, vaults_room_semicircle,
          nicolae_vaults_border_crossing, hangedman_vaults_river_flow,
          nicolae_vaults_house_3, ontoclasm_vaults_shuriken,
          nicolae_vaults_little_squares_5, nicolae_vaults_double_plus_1,
          nicolae_vaults_layer_cake_slice, nicolae_vaults_murder_corner,
          nicolae_vaults_shelves_hall, vaults_room_grunt_arrival_ludios,
          layout_vaults_omnigrid
Vaults:2: nicolae_vaults_sesquioval_fish, hangedman_vaults_locks,
          nicolae_vaults_apartment_2, vaults_room_fours,
          nicolae_vaults_tetromino_L_1, nicolae_vaults_prndl, v_pattern_3,
          nicolae_vaults_taking_the_gang_shopping,
          nicolae_vaults_lightning_bolt, nicolae_vaults_shipping_containers_6,
          nicolae_vaults_trapezoid_4, hangedman_vaults_variations,
          minmay_crypt_entry_simple_box, vaults_dpeg_ring,
          nicolae_vaults_gold_heap, nicolae_vaults_house_1,
          nicolae_vaults_two_Ls, nicolae_vaults_layer_cake_slice,
          layout_vaults_maze_snakey, serial_shops, shop, uniq_sojobo,
          uniq_norris, uniq_jory
Vaults:3: nicolae_vaults_mini_display_case, nicolae_vaults_trapezoid_lopsided_1,
          hangedman_vaults_maws, nicolae_vaults_library_corner,
          nicolae_vaults_sealed_display, hangedman_vaults_corner_blocks,
          vaults_dpeg_encased_lava, nicolae_vaults_trapezoid_lopsided_4,
          nicolae_vaults_diamond_1, v_alt_pattern_6, layout_vaults_big_room,
          serial_shops, shop
Vaults:4: nicolae_vaults_halls_meeting, nicolae_vaults_closet_pinwheel_5,
          v_rooms_5, hangedman_vaults_slice, vaults_mumra_hex, v_misc_33,
          nicolae_vaults_trapezoid_lopsided_1, v_misc_17,
          hangedman_vaults_cutoff, layout_vaults_omnibox
Vaults:5: serial_shops
Crypt:1:  dreamdust_cat_pyramid, layout_gridlike, uniq_xtahua
Crypt:2:  layout_misc_corridors, lemuel_upstairs_altar, uniq_margery
Crypt:3:  grunt_crypt_end_deaths_head
Tomb:1
Depths:1: layout_cave_shapes, hell_entry, hangedman_abyss_or_decor_slice,
          pan_entry, yredelemnul_forgotten_temple_becter,
          infiniplex_staircase_pool_lava, serial_bayou_shore_b
Depths:2: minmay_triangles_in_corner, layout_gridlike, hell_entry,
          abandoned_shop, pan_entry, kennysheep_generic_room_5
Depths:3: minmay_five_octagons, layout_cave_shapes, enter_ziggurat_a,
          kennysheep_nub, abyss_entry_flame_altar, hell_entry
Depths:4: lemuel_castle_with_subvaults [lemuel_castle_interior_carwin_1],
          layout_gridlike, hell_entry, good_gods_temple_1,
          nicolae_transporter_intersection
Hell
Geh:1:    layout_gehenna_lava_caves
Geh:2:    layout_gehenna_lava_caves, gehenna_fire_generator
Geh:3:    layout_gehenna_pools_basic, nicolae_geh_lava_lounge
Geh:4:    layout_gehenna_pools_triple, nicolae_geh_single_fiery_grave
Geh:5:    layout_gehenna_pools_triple
Geh:6:    nicolae_geh_tyrants_menagerie, layout_gehenna_lava_caves
Zot:1:    layout_basic
Zot:2:    gammafunk_its_a_trap, layout_gridville
Zot:3:    gammafunk_mikee_crab_dinner, layout_misc_corridors,
          regret_index_zotdec_plus, zot_minivault_1, uniq_tiamat
Zot:4:    layout_gridville
Zot:5:    layout_basic

Skill      XL: |  1  2  3  4  5  6  7  8  9 10 11 12 13 14 15 16 17 18 19 20 21 22 23 24 25 26 27 |
---------------+----------------------------------------------------------------------------------+-----
Summonings     | 4 5 6 7 8 9 12 15 16 | 16.0
Fighting       | 1 2 3 5 8 9 11 12 13 14 15 18 19 20 21 | 21.2
Fire Magic     | 1 2 3 4 5 |  5.0
Spellcasting   | 3 4 6 7 9 10 11 13 14 15 16 17 18 | 18.3
Armour         | 2 4 6 7 8 10 13 14 | 14.2
Dodging        | 2 4 5 6 7 8 9 |  9.4
Stealth        | 3 5 6 7 8 9 10 | 10.0
Shields        | 3 6 10 16 | 16.0
Air Magic      | 4 |  4.0
Evocations     | 1 4 5 7 8 9 |  9.0
Translocations | 7 8 10 11 12 13 | 13.0
Polearms       | 4 5 6 7 |  7.0
Conjurations   | 7 8 12 15 16 | 16.5
Earth Magic    | 7 10 17 18 23 26 27 | 27.0

Action                     |  1- 3 |  4- 6 |  7- 9 | 10-12 | 13-15 | 16-18 | 19-21 | 22-24 | 25-27 || total
---------------------------+-------+-------+-------+-------+-------+-------+-------+-------+-------++-------
  Melee: Whip              |    18 |       |       |       |       |       |       |       |       ||    18
         Unarmed           |     7 |       |       |       |       |       |       |       |       ||     7
         Hand axe          |    10 |       |       |       |       |       |       |       |       ||    10
         Mace              |    53 |     3 |       |       |       |       |       |       |       ||    56
         Punch             |     1 |       |       |       |       |       |       |       |       ||     1
         Halberd           |       |   140 |   225 |       |       |       |       |       |       ||   365
         Spear             |       |     1 |    13 |   125 |     4 |       |       |       |       ||   143
         Morningstar       |       |       |    28 |    27 |       |       |       |       |       ||    55
         Trident           |       |       |       |       |   431 |   619 |   698 |   793 |   118 ||  2659
         Demon trident     |       |       |       |       |       |    49 |       |       |       ||    49
         Trishula          |       |       |       |       |       |       |       |       |   201 ||   201
         Dagger            |       |       |       |       |       |       |       |       |    41 ||    41
         Staff             |       |       |       |       |       |       |       |       |     4 ||     4
   Fire: Sling             |       |       |       |    20 |    11 |       |       |       |       ||    31
  Throw: Throwing net      |       |       |       |       |       |       |     1 |       |     1 ||     2
   Cast: Summon Small Mamm |    16 |     2 |    51 |    10 |       |       |       |       |       ||    79
         Call Imp          |    10 |     9 |    38 |    10 |       |       |       |       |       ||    67
         Call Canine Famil |     1 |     9 |    30 |    19 |     2 |     1 |     4 |       |     2 ||    68
         Summon Blazeheart |       |       |     5 |    57 |    90 |    38 |     1 |    13 |     3 ||   207
         Summon Lightning  |       |       |       |    29 |    82 |    53 |    20 |       |       ||   184
         Malign Gateway    |       |       |       |       |     1 |    46 |    32 |    43 |    66 ||   188
         Summon Forest     |       |       |       |       |       |     8 |     6 |     3 |     1 ||    18
         Spellforged Servi |       |       |       |       |       |       |    84 |    98 |    92 ||   274
         Bombard           |       |       |       |       |       |       |     1 |       |       ||     1
         Blink             |       |       |       |       |       |       |     2 |     2 |       ||     4
         Dispersal         |       |       |       |       |       |       |       |     4 |       ||     4
         Shatter           |       |       |       |       |       |       |       |       |    85 ||    85
         Lehudib's Crystal |       |       |       |       |       |       |       |       |    14 ||    14
 Invoke: Potion Petition   |       |       |       |       |       |       |     2 |     1 |    10 ||    13
         Bribe Branch      |       |       |       |       |       |       |     1 |     1 |       ||     2
         Call Merchant     |       |       |       |       |       |       |       |       |     1 ||     1
  Evoke: Wand              |       |       |       |     4 |     4 |    13 |     6 |     4 |     3 ||    34
         Lightning rod     |       |       |       |       |       |     2 |     5 |       |     2 ||     9
         Condenser vane    |       |       |       |       |       |     1 |       |     2 |     1 ||     4
         Phantom mirror    |       |       |       |       |       |       |     1 |     1 |       ||     2
         Sack of spiders   |       |       |       |       |       |       |     1 |       |       ||     1
    Use: Potion            |       |       |     1 |     2 |     6 |     4 |     9 |     9 |     3 ||    34
         Scroll            |       |       |       |    13 |     9 |     8 |    16 |    12 |     9 ||    67
   Stab: Sleeping          |     1 |       |     1 |       |     5 |     1 |     4 |     5 |     1 ||    18
         Distracted        |       |       |     3 |     2 |    20 |    19 |    21 |    35 |     9 ||   109
         Confused          |       |       |       |       |       |     1 |     1 |     1 |       ||     3
         Invisible         |       |       |       |       |       |     9 |       |       |       ||     9
         Held in net/web   |       |       |       |       |       |       |     1 |       |       ||     1
         Paralysed         |       |       |       |       |       |       |       |     1 |       ||     1
         Petrified         |       |       |       |       |       |       |       |       |     2 ||     2
 Armour: Robe              |    71 |   112 |    17 |       |   187 |    60 |       |       |   291 ||   738
         Leather armour    |       |       |   319 |   178 |     6 |       |       |       |   112 ||   615
         Ring mail         |       |       |       |       |   120 |   545 |   645 |   714 |   182 ||  2206
         Skin              |       |       |       |       |       |       |       |       |    26 ||    26
  Dodge: Dodged            |    70 |   106 |   274 |   111 |   193 |   402 |   387 |   430 |   311 ||  2284
  Block: Buckler           |       |       |    13 |    71 |   112 |   301 |   269 |   258 |   150 ||  1174
         Kite shield       |       |       |       |       |       |       |       |       |    21 ||    21
